 Dungeon Crawl Stone Soup version 0.21-a0-404-g291f19a (webtiles) character file.

224 tof the Slasher (level 5, -2/47 HPs)
             Began as a Minotaur Berserker on Oct 29, 2017.
             Was a Believer of Trog.
             Slain by an orc
             ... wielding a +2 flail of crushing
              (3 damage)
             ... on level 4 of the Dungeon.
             The game lasted 00:02:48 (2099 turns).

tof the Slasher (Minotaur Berserker)                Turns: 2099, Time: 00:02:49

Health: -2/47      AC:  6    Str: 23    XL:     5   Next: 67%
Magic:  4/4        EV: 12    Int:  4    God:    Trog [**....]
Gold:   129        SH:  0    Dex:  9    Spells: 4/4 levels left

rFire    . . .     SeeInvis .   a - +0 falchion
rCold    . . .     Gourm    .   (no shield)
rNeg     . . .     Faith    .   p - +0 ring mail (curse)
rPois    .         Spirit   .   (helmet restricted)
rElec    .         Reflect  .   (no cloak)
rCorr    .         Harm     .   r - +0 pair of gloves
MR       .....                  (no boots)
Stlth    ..........             (no amulet)
HPRegen  0.15/turn              (no ring)
MPRegen  0.09/turn              (no ring)

@: no status effects
A: retaliatory headbutt, horns 2
a: Berserk, Trog's Hand, Burn Spellbooks, Renounce Religion


You were on level 4 of the Dungeon.
You worshipped Trog.
Trog was pleased with you.
You were not hungry.

You visited 1 branch of the dungeon, and saw 4 of its levels.

You collected 129 gold pieces.

Inventory:

Hand Weapons
 a - a +0 falchion (weapon)
Missiles
 e - 4 tomahawks (quivered)
Armour
 p - a cursed +0 ring mail (worn)
 r - a +0 pair of gloves (worn)
Wands
 m - a wand of flame (29/48)
 s - a wand of iceblast (7/15)
Scrolls
 b - a scroll of magic mapping {unknown}
 f - 4 scrolls of teleportation {unknown}
 h - a scroll of fog {unknown}
 i - 2 scrolls of identify {unknown}
 k - a scroll of recharging {unknown}
 t - 2 scrolls of remove curse {unknown}
 v - a scroll of enchant weapon {unknown}
Potions
 g - a potion of cancellation {unknown}
 l - a potion of heal wounds {unknown}
 n - 2 potions of lignification {unknown}
 q - a potion of agility {unknown}
 w - a potion of ambrosia {unknown}
 x - a potion of haste {unknown}
Comestibles
 c - 2 bread rations
 d - a fruit
 j - 5 meat rations
 o - 5 chunks of flesh
 u - 2 royal jellies


   Skills:
 + Level 4.5 Fighting
 * Level 5.4 Long Blades
 + Level 1.9 Throwing
 + Level 3.5 Armour
 + Level 3.3 Dodging


You had 4 spell levels left.
You didn't know any spells.

Dungeon Overview and Level Annotations

Branches:
Dungeon (4/15)
 Temple: D:4-7

Altars:
Dithmenos
The Shining One


Innate Abilities, Weirdness & Mutations

You reflexively headbutt those who attack you in melee.
You have a pair of horns on your head.


Message History

The orc priest closely misses you.
You riposte.
You hit the orc priest. Your headbutt misses the orc priest.
The orc priest is almost dead.
The orc barely misses you. You furiously retaliate!
You headbutt the orc!
You kill the orc!
Trog accepts your kill. The orc hits you but does no damage.
You barely miss the orc priest.
The orc priest is almost dead.
The orc priest invokes the aid of Beogh against you.
Beogh smites you!
* * * LOW HITPOINT WARNING * * *
The orc barely misses you. The orc hits you but does no damage.
You hit the orc priest but do no damage.
The orc priest is almost dead.
The orc priest closely misses you.
You riposte.
You slash the orc priest!
You kill the orc priest!
Trog accepts your kill.
The orc hits you with a flail of crushing.
You die...

###### ##)...##
#o@†...#
#.)o##..##
.....#####..###
##### #....#
##...###...###
#####
#..........#.
#.########...
...# ###. ....#
#. #.....# #.


You could see 2 orcs.

Vanquished Creatures
  An orc priest (D:4)
  Ijyb (D:3)
  Terence (D:2)
  3 gnolls (D:3)
  4 adders
  A worm (D:2)
  2 dart slugs (D:1)
  2 leopard geckos
  An orc (D:4)
  9 bats
  3 giant cockroaches
  10 goblins
  15 hobgoblins
  5 kobolds
  3 quokkas
  A ball python (D:2)
  2 frilled lizards
  3 rats
67 creatures vanquished.

Notes
Turn   | Place    | Note
-------+----------+-------------------------------------------
     0 | D:1      | tof the Minotaur Berserker began the quest for the Orb.
     0 | D:1      | Reached XP level 1. HP: 19/19 MP: 0/0
   207 | D:1      | Reached XP level 2. HP: 21/27 MP: 1/1
   296 | D:1      | Reached skill level 4 in Long Blades
   725 | D:2      | Found a shadowy altar of Dithmenos.
   763 | D:2      | Reached XP level 3. HP: 33/33 MP: 2/2
   918 | D:2      | Reached ** piety under Trog
   977 | D:2      | Reached skill level 1 in Throwing
  1237 | D:2      | Found a glowing golden altar of the Shining One.
  1274 | D:2      | Noticed Terence
  1284 | D:2      | Killed Terence
  1284 | D:2      | Reached XP level 4. HP: 39/40 MP: 3/3
  1737 | D:3      | Noticed Ijyb
  1742 | D:3      | Reached skill level 5 in Long Blades
  1749 | D:3      | Killed Ijyb
  1749 | D:3      | Reached XP level 5. HP: 47/47 MP: 4/4
  2098 | D:4      | HP: 1/47 [orc priest/divine providence (12)]
  2099 | D:4      | Slain by an orc

Vault maps used:
D:1:      dpeg_chamrin_arrival_tetris, minmay_hexomino_f4
D:2:      grunt_dithmenos_smoke, tso_altar, uniq_terence
D:3:      kennysheep_the_goblin_king
D:4:      first_bread

Skill      XL: |  1  2  3  4 |
---------------+-------------+-----
Long Blades    | 4 5 |  5.4
Fighting       | 4 |  4.5
Throwing       | 1 |  1.9
Armour         | 3 |  3.5
Dodging        | 3 |  3.3

Action                   |  1- 3 |  4- 6 || total
-------------------------+-------+-------++-------
Melee: Falchion          |    62 |    64 ||   126
       Headbutt          |    10 |    12 ||    22
Invok: Berserk           |       |     1 ||     1
 Stab: Sleeping          |     1 |       ||     1
  Eat: Chunk             |     1 |     4 ||     5
Armor: Animal skin       |    17 |       ||    17
       Ring mail         |     2 |    32 ||    34
Dodge: Dodged            |    48 |    52 ||   100
       Rpst.: Falchion   |    16 |    15 ||    31

Table legend:
 A = Spawn XP
 B = Non-spawn XP
 C = Spawn XP percentage of total XP
 D = Spawn monster count
 E = Non-spawn monster count
 F = Spawn count percentage of total count
 G = Total turns spent on level
                    A         B        C        D         E        F      G
               +---------+---------+-------+---------+---------+-------+---------
         Total |       0 |     321 |   0.0 |       0 |      67 |   0.0 |  2099
               +---------+---------+-------+---------+---------+-------+---------
           D:1 |       0 |      39 |   0.0 |       0 |      20 |   0.0 |   725
           D:2 |       0 |      78 |   0.0 |       0 |      17 |   0.0 |   673
           D:3 |       0 |     156 |   0.0 |       0 |      26 |   0.0 |   653
           D:4 |       0 |      48 |   0.0 |       0 |       4 |   0.0 |    48
               +---------+---------+-------+---------+---------+-------+---------
